Map: Eternal Empire LE

Players

ViBE

  • Race: Protoss Protoss
  • League: Grandmaster
  • Spawn Location: 1:00

BaldSeagull - Winner!

  • Race: Zerg Zerg
  • League: Diamond
  • Spawn Location: 7:00

VOD

https://www.twitch.tv/videos/735558174?t=3h37m7s

Description

Time

  • Played on: Sept. 8, 2020, 11:05 p.m.
  • Length: 5:20
Show
View Real Time Build Order
Export as new Build Order

ViBE Protoss 

Build Orders: 1 Gate Expand 

Get SALT Encoding   

  12  0:00  Probe  
  13  0:12  Probe  
  14  0:20  Pylon  
  14  0:24  Probe  
  15  0:40  Gateway  
  15  0:43  Probe  
  15  0:46  Assimilator  
  16  0:55  Probe (Chrono Boost)  
  18  1:04  Probe (Chrono Boost)  
  18  1:09  Probe (Chrono Boost)  
  19  1:27  Forge  
  19  1:32  Nexus  
  19  1:42  Cybernetics Core  
  19  1:49  Probe (Chrono Boost)  
  20  1:54  Assimilator  
  21  2:01  Probe (Chrono Boost)  
  21  2:06  Photon Cannon  
  21  2:07  Probe (Chrono Boost)  
  21  2:15  Pylon  
  22  2:22  Shield Battery  
  22  2:35  Photon Cannon  
  22  2:38  Probe  
  23  2:44  Stargate  
  23  2:52  Shield Battery  
  23  3:10  Shield Battery  
  23  3:18  Pylon  
  23  3:19  Pylon  
  23  3:21  Probe  
  24  3:27  Void Ray (Chrono Boost)  
  26  3:42  Pylon  
  24  4:07  Void Ray (Chrono Boost)  
  19  4:47  Probe  
  18  4:59  Probe  
Show
View Real Time Build Order
Export as new Build Order

BaldSeagull Zerg - Winner!

Build Orders: Hatch First 

Get SALT Encoding   

  12  0:00  Drone  
  13  0:13  Overlord  
  13  0:19  Drone  
  14  0:37  Drone x2  
  16  0:52  Hatchery  
  16  0:55  Drone  
  16  0:58  Drone  
  17  1:13  Spawning Pool  
  17  1:17  Drone  
  17  1:19  Drone  
  17  1:22  Drone  
  19  2:04  Queen  
  19  2:05  Zergling x2  
  22  2:08  Spine Crawler  
  22  2:09  Spine Crawler x2  
  22  2:11  Spine Crawler, Zergling x2  
  22  2:15  Zergling x2  
  20  2:17  Zergling x2  
  20  2:22  Zergling x2  
  22  2:24  Zergling x2  
  23  2:31  Zergling x2  
  23  2:35  Overlord  
  24  2:39  Zergling x2  
  25  2:51  Zergling x4  
  25  2:55  Queen  
  27  2:59  Zergling x2  
  27  3:03  Zergling x2  
  27  3:08  Zergling x2  
  27  3:14  Zergling x2  
  27  3:17  Zergling x2  
  27  3:19  Zergling x2  
  29  3:27  Zergling x2  
  29  3:31  Queen  
  30  3:37  Zergling x4  
  32  3:44  Zergling x2  
  33  3:51  Zergling x2  
  33  3:52  Zergling x2  
  35  4:02  Zergling x2  
  36  4:04  Overlord  
  36  4:08  Queen  
  33  4:17  Zergling x4  
  34  4:31  Zergling x4  
  34  4:32  Zergling x2  
  34  4:40  Zergling x2  
  34  4:44  Queen, Zergling x2  
  36  4:52  Zergling x4  
  36  4:56  Zergling x2  
Tags
 
Add a new tag
Caveats
  • Supply blocks, unpowered buildings, or Contaminate may cause inaccurate times.
  • Supply counts are checked every 10 seconds.